 Dungeon Crawl Stone Soup version 0.23.2 (webtiles) character file.

Game seed: 18129443078525023048

39 Illumine the Firebug (level 3, -2/26 HPs)
             Began as a Minotaur Fire Elementalist on Sept 25, 2019.
             Slain by a worm (6 damage)
             ... on level 2 of the Dungeon.
             The game lasted 00:06:10 (1760 turns).

Illumine the Firebug (Minotaur Fire Elementalist)   Turns: 1760, Time: 00:06:11

Health: -2/26      AC:  2    Str: 12    XL:     3   Next: 26%
Magic:  1/4        EV: 12    Int: 13    God:
Gold:   41         SH:  0    Dex: 10    Spells: 4/5 levels left

rFire    . . .     SeeInvis .   f - +0 club
rCold    . . .     Gourm    .   (no shield)
rNeg     . . .     Faith    .   a - +0 robe
rPois    .         Spirit   .   (helmet restricted)
rElec    .         Reflect  .   (no cloak)
rCorr    .         Harm     .   (no gloves)
MR       .....                  (no boots)
Stlth    ++........             (no amulet)
HPRegen  0.08/turn              (no ring)
MPRegen  0.09/turn              (no ring)

@: very slightly contaminated
A: retaliatory headbutt, horns 2
a: no special abilities


You were on level 2 of the Dungeon.
You were hungry.

You visited 1 branch of the dungeon, and saw 2 of its levels.

You collected 41 gold pieces.

Inventory:

Hand Weapons
 f - a +0 club (weapon)
 h - a +0 hunting sling
 j - a +0 short sword
 l - a +0 hand axe
Missiles
 b - 23 stones (quivered)
 d - 34 poisoned needles
Armour
 a - a +0 robe (worn)
Scrolls
 e - a scroll of teleportation {unknown}
 g - 2 scrolls of remove curse {unknown}
Potions
 i - a potion of curing {unknown}
 k - a potion of invisibility {unknown}
 m - a potion of magic {unknown}
 n - a potion of resistance {unknown}
Comestibles
 c - 4 rations
 o - a chunk of flesh


   Skills:
 + Level 0.2 Maces & Flails
 - Level 0.2 Throwing
 - Level 2.3 Dodging
 - Level 1.5 Stealth
 - Level 1.0 Unarmed Combat
 + Level 1.5 Spellcasting
 + Level 0.9 Conjurations
 + Level 2.8 Fire Magic


You had 4 spell levels left.
You knew the following spells:

 Your Spells              Type           Power        Failure   Level  Hunger
a - Flame Tongue          Conj/Fire      #....        12%         1    ##.....

Your spell library contained the following spells:

 Spells                   Type           Power        Failure   Level  Hunger
 Throw Flame              Conj/Fire      #.....       19%         2    ###....
 Conjure Flame            Conj/Fire      #.......     36%         3    ####...
 Inner Flame              Hex/Fire       #.......     41%         3    ####...
 Sticky Flame             Conj/Fire      #.......     77%         4    #####..
 Fireball                 Conj/Fire      #.........   98%         5    ######.


Dungeon Overview and Level Annotations

Branches:
Dungeon (2/15)

Altars:


Innate Abilities, Weirdness & Mutations

You reflexively headbutt those who attack you in melee.
You have a pair of horns on your head.


Message History

Aim: a worm (lightly wounded)
You throw a stone.
The stone hits the worm but does no damage.
The worm is lightly wounded.
You barely miss the worm.
The worm is lightly wounded.
The worm closely misses you.
You hit the worm.
The worm is lightly wounded.
You barely miss the worm.
The worm is lightly wounded.
The worm bites you!
You hit the worm.
The worm is moderately wounded.
The worm bites you!
* * * LOW HITPOINT WARNING * * *
You barely miss the worm. You headbutt the worm!
The worm is almost dead.
The worm bites you.
You die...

.##....# #.....#.#.#<..
.##....# #.#.#.#.#.....#
.####### #.#.#.#.#h..((#
.# #######.#.#...#.(...#
.#
#.....#.#....##.....#.##
.#
#.....#.#....†..(.......
.#
#.....#.##..(####.###.##
.# #(....#.##.w.# .#
.######.....#.##@..####.#
......................#.#
#############.........#.#
###########.# .#


You could see a worm.

Vanquished Creatures
  2 oozes (D:1)
  A worm (D:2)
  A dart slug (D:1)
  A bat (D:1)
  2 giant cockroaches
  2 goblins
  2 hobgoblins
  5 jackals (D:2)
  3 kobolds
  6 rats
25 creatures vanquished.

Notes
Turn   | Place    | Note
-------+----------+-------------------------------------------
     0 | D:1      | Illumine the Minotaur Fire Elementalist began the quest for
                  | the Orb.
     0 | D:1      | Reached XP level 1. HP: 14/14 MP: 1/1
   334 | D:1      | Reached XP level 2. HP: 20/20 MP: 0/3
   992 | D:2      | Reached skill level 1 in Unarmed Combat
  1113 | D:2      | Reached XP level 3. HP: 26/26 MP: 4/4
  1760 | D:2      | Slain by a worm

Skill      XL: |  1  2 |
---------------+-------+-----
Unarmed Combat | 1 |  1.0
Maces & Flails | |  0.2
Throwing       | |  0.2
Dodging        | |  2.3
Stealth        | |  1.5
Spellcasting   | |  1.5
Conjurations   | |  0.9
Fire Magic     | |  2.8

Action                   || total
-------------------------++-------
Melee: Unarmed           ||    22
       Headbutt          ||    12
       Short sword       ||    20
       Club              ||    14
Throw: Stone             ||    45
 Cast: Flame Tongue      ||    27
  Eat: Chunk             ||     3
Armor: Robe              ||     4
Dodge: Dodged            ||    38
